Workbook

Sheet Quadro Geral de Custo
A1: QUADRO GERAL DE CUSTO
A2: Item | B2: Cargo | C2: Local | D2: Quantidade Total de Diárias no Ano (a) | E2: Vlr. da Diária R$ (b) | F2: Vlr. Total R$ (c = a x b)
A3: 1 | B3: Serviço de Limpeza e Conservação com Material, Equipamentos e demais insumos. | C3: Tabatinga | D3: 53 | E3: ='Agente de Limpeza'!D96 -> 137.63 | F3: =ROUND(D3*E3,2) -> 7294.39
A4: 2 | B4: Serviço de Limpeza e Conservação com Material, Equipamentos e demais insumos. | C4: Parintins | D4: 53 | E4: ='Agente de Limpeza'!D96 -> 137.63 | F4: =ROUND(D4*E4,2) -> 7294.39
A5: Vlr. Global R$ → | F5: =ROUND(SUM(F3:F4),2) -> 14588.78
E7: =TODAY() -> 45036
A11: Elaborado por:
C12: Abraão dos Matos Azevedo Assessor Técnico Matricula Coren-AM nº 125

Sheet Agente de Limpeza
A1: PLANILHA ORÇAMENTÁRIA DE REFERÊNCIA DE FORMAÇÃO DE CUSTO DE MÃO DE OBRA
A2: Tipo de serviço: | B2: ='Quadro Geral de Custo'!B3 -> Serviço de Limpeza e Conservação com Material, Equipamentos e demais insumos.
A3: CBO: | B3: 5143-20
A4: Unidade de medida: | B4: Posto
A5: Quantidade total a contratar (em função da unidade de medida): | B5: 1
A6: Convenção Coletiva de Trabalho/Acordo/ Dissídio Coletivo de Trabalho: | B6: Convenção Coletiva de Trabalho (CCT) - Nº Registro no MTE: AM000546/2021 - Nº Processo: 13621.120880/2021-15 - Nº Solicitação: MR069260/2020
A7: Regime Tributário | B7: Lucro Presumido
A9: MÃO DE OBRA VINCULADA À EXECUÇÃO CONTRATUAL
A10: SEÇÃO I - COMPOSIÇÃO DA REMUNERAÇÃO (R$) | E10: FUNDAMENTO/METODOLOGIA | F10: INFORMAÇÕES COMPLEMENTARES
A11: Composição da Remuneração | C11: % | D11: Valor (R$)
A12: Salário Base | C12: - | D12: 1246 | E12: =B6 -> Convenção Coletiva de Trabalho (CCT) - Nº Registro no MTE: AM000546/2021 - Nº Processo: 13621.120880/2021-15 - Nº Solicitação: MR069260/2020
A13: Outros | D13: =C13*D12/100 -> 0 | E13: -
A14: TOTAL DA REMUNERAÇÃO (R$) | D14: =ROUND(SUM(D12:D13),2) -> 1246
A16: SEÇÃO II - ENCARGOS SOCIAIS INCIDENTES SOBRE A REMUNERAÇÃO (R$) | E16: FUNDAMENTO/METODOLOGIA
A17: GRUPO A - ENCARGOS | C17: % | D17: Valor (R$)
A18: A.01 SEGURIDADE SOCIAL | C18: 0.2 | D18: =ROUND($D$14*C18,2) -> 249.2 | E18: Art. 2°, § 3º, da Lei 11.457, de 16 de março de 2007.
A19: A.02 FGTS | C19: 0.08 | D19: =ROUND($D$14*C19,2) -> 99.68 | E19: Art. 15, Lei nº 8.036/90 e Art. 7º, III, CF.
A20: A.03 SESI/SESC | C20: 0.015 | D20: =ROUND($D$14*C20,2) -> 18.69 | E20: Art. 30, Lei 8.036, de 11 de maio de 1990.
A21: A.04 SENAI/SENAC | C21: 0.01 | D21: =ROUND($D$14*C21,2) -> 12.46 | E21: Art. 1º, caput, Decreto-Lei 6.246, de 1944 (SENAI) e art. 4º, caput do Decreto-Lei 8.621, de 1946. (SENAC).
A22: A.05 INCRA | C22: 0.002 | D22: =ROUND($D$14*C22,2) -> 2.49 | E22: Art. 1°, I, 2 c/c art. 3°, ambos do Decreto-Lei 1.146, de 31 de dezembro de 1970.
A23: A.06 SEBRAE | C23: 0.006 | D23: =ROUND($D$14*C23,2) -> 7.48 | E23: Art. 8º, Lei 8.029, de 12 de abril de 1990.
A24: A.07 Salário Educação | C24: 0.025 | D24: =ROUND($D$14*C24,2) -> 31.15 | E24: Art. 3º, Inciso I, Decreto 87.043, de 22 de março de 1982.
A25: A.08 Riscos Ambientais do Trabalho – RAT x FAP | C25: 0.06 | D25: =ROUND($D$14*C25,2) -> 74.76 | E25: RAT: 3% (Limpeza em prédios e em domicílios – código 8121-4/00, do Anexo V do Decreto nº 3.048/1999) X FAP: 2,000 (Padrão);
A26: TOTAL - GRUPO A - ENCARGOS | C26: =ROUND(SUM(C18:C25),5) -> 0.398 | D26: =ROUND(SUM(D18:D25),2) -> 495.91
A28: GRUPO B | C28: % | D28: Valor (R$) | E28: FUNDAMENTO/METODOLOGIA | F28: INFORMAÇÕES COMPLEMENTARES
A29: B.01 13º Salário | C29: =ROUND(1/12,5) -> 0.08333 | D29: =ROUND($D$14*C29,2) -> 103.83 | E29: [(1/12)x100] = 8,333% - Art. 7º, VIII, CF/88 | F29: B.03 - Redução de 7 dias ou de 2h por dia para 100 % dos empregados. Percentual relativo a contrato de 12 (doze) meses. B.04 - Estimativa de 5 (cinco) dias de licença p/ano. B.05 - Estimativa de 1 (uma) licença de 15 (quinze) dias por ano para 8% (oito por cento) dos empregados. B.06 - Estimativa de 1 (uma) ausência por ano. B.07 - Estimativa de 2% (dois por cento) dos empregados usufruindo de 4 (quatro) meses de licença por ano. B.08 - Estimativa de 1,5% (um inteiro e cinco décimos por cento) dos empregados usufruindo 5 (cinco) dias da licença por ano.
A30: B.02 Férias (incluindo 1/3 constitucional) | C30: =ROUND((1/3)/12,5) -> 0.02778 | D30: =ROUND($D$14*C30,2) -> 34.61 | E30: {[(1/3]/12]x100} = 2,778% - Art. 7º, XVII, CF/88
A31: B.03 Aviso Prévio Trabalhado | C31: =ROUND((((100% / 30) * 7) / 12),5) -> 0.01944 | D31: =ROUND($D$14*C31,2) -> 24.22 | E31: [(100% / 30) x 7] / 12 = 1,944% - Art. 7º, XXI, CF/88, 477, 487 e ss. da CLT
A32: B.04 Auxílio Doença | C32: =ROUND((5/30)/12,5) -> 0.01389 | D32: =ROUND($D$14*C32,2) -> 17.31 | E32: {[(5/30)/12] x 100} = 1,389% - Art. 59 e ss. Da Lei nº 8.213/91
A33: B.05 Acidente de Trabalho | C33: =ROUND(((15/30/12)*0.08),5) -> 0.00333 | D33: =ROUND($D$14*C33,2) -> 4.15 | E33: {[(15/30/12] x 0,08} x 100 = 0,333% - Art. 19 a 23 da Lei nº 8.213/91
A34: B.06 Faltas Legais | C34: =ROUND((1/30)/12,5) -> 0.00278 | D34: =ROUND($D$14*C34,2) -> 3.46 | E34: {[(1/30)/12] x 100} = 0,277%- Art. 473 da CLT
A35: B.07 Férias sobre Licença Maternidade | C35: =ROUND(0.1111*0.02*0.333,5) -> 0.00074 | D35: =ROUND($D$14*C35,2) -> 0.92 | E35: [(0,1111 x 0,02 x 0,333) x 100] = 0,074% - Impacto do item férias sobre a licença maternidade
A36: B.08 Licença Paternidade | C36: =ROUND(((5/30)/12)*0.015,5) -> 0.00021 | D36: =ROUND($D$14*C36,2) -> 0.26 | E36: {[(5/30)/12] x 0,015} x 100 = 0,021% - Art. 7º, XIX, CF/88 e 10, §1º, da ADCT
A37: B.09 Férias adquiridas (não usufruídas) | C37: =ROUND(1/12,5) -> 0.08333 | D37: =ROUND($D$14*C37,2) -> 103.83 | E37: [(1/12)x100] = 8,333% - Art. 7º, XVII, CF/88 e 129 da CLT
A38: TOTAL - GRUPO B | C38: =ROUND(SUM(C29:C37),5) -> 0.23483 | D38: =ROUND(SUM(D29:D37),2) -> 292.59
A40: GRUPO C | C40: % | D40: Valor (R$) | E40: FUNDAMENTO/METODOLOGIA | F40: INFORMAÇÕES COMPLEMENTARES
A41: C.01 Aviso Prévio Indenizado | C41: =ROUND(1/12*5%,5) -> 0.00417 | D41: =ROUND($D$14*C41,2) -> 5.2 | E41: {[0,05x(1/12)]x100} = 0,417% - Art. 7º, XXI, CF/88, 477, 487 e ss. CLT | F41: C.01 - Estimativa de que 5% (cinco por cento) dos empregados serão substituídos durante um ano. C.02 - Estimativa de que 2% (dois por cento) dos empregados serão demitidos em situação de recebimento de indenização adicional. C.03 - Multa de 40% do FGTS em relação aos trabalhadores contratados.
A42: C.02 Indenização Adicional | C42: =ROUND(0.02*(1/12),5) -> 0.00167 | D42: =ROUND($D$14*C42,2) -> 2.08 | E42: [0,02x(1/12)]x100 = 0,167% - Art. 9º da Lei nº 7.238, de 1984
A43: C.03 Indenização (rescisão sem justa causa – multa de 40% do FGTS) | C43: =ROUND(40%*8%,5) -> 0.032 | D43: =ROUND($D$14*C43,2) -> 39.87 | E43: (1x0,40x0,08x100) = 3,200% - Art. 18, §1º da Lei 8.036/90
A44: TOTAL - GRUPO C | C44: =ROUND(SUM(C41:C43),5) -> 0.03784 | D44: =ROUND(SUM(D41:D43),2) -> 47.15
A46: GRUPO D | C46: % | D46: Valor (R$) | E46: FUNDAMENTO/METODOLOGIA
A47: D.01 Incidência dos encargos do grupo A sobre o grupo B | C47: =ROUND(C26*C38,5) -> 0.09346 | D47: =ROUND($D$14*C47,2) -> 116.45 | E47: D.01 = 0,3980 x 0,23483 = 9,346%
A48: TOTAL - GRUPO D | C48: =ROUND(SUM(C47),5) -> 0.09346 | D48: =ROUND(SUM(D47),2) -> 116.45
A50: GRUPO E | C50: % | D50: Valor (R$) | E50: FUNDAMENTO/METODOLOGIA | F50: INFORMAÇÕES COMPLEMENTARES
A51: E.01 Incidência do FGTS sobre o aviso prévio indenizado | C51: =ROUND(8%*C41,5) -> 0.00033 | D51: =ROUND($D$14*C51,2) -> 0.41 | E51: A.02 x C.01 = (0,08x0,00417)x100 0,033% - Súmula nº 305 do TST
A52: TOTAL - GRUPO E | C52: =ROUND(SUM(C51:C51),5) -> 0.00033 | D52: =ROUND(SUM(D51:D51),2) -> 0.41
A54: GRUPO F | C54: % | D54: Valor (R$) | E54: FUNDAMENTO/METODOLOGIA
A55: F.01 Incidência dos encargos do Grupo A sobre os valores constantes da base de cálculo referente ao salário maternidade | C55: =ROUND(C26*(13/12)*(4/12)*2/100,5) -> 0.00287 | D55: =ROUND($D$14*C55,2) -> 3.58 | E55: F.01 = (Encargos Grupo A) x (Salário + 13º/12) x 4/12 x 2%, em que: Encargos do Grupo A = 0,3780; Salário + 13º = 13 salários; 12 = número e meses em um ano; 4/12 = período de 4 meses de licença em um ano; 2% = Estimativa de que 2% dos empregados usufruirão da licença maternidade de 4 meses em um ano. F.01 = 0,3980x(13/12)x(4/12)x(2/100) = 0,287%
A56: TOTAL - GRUPO F | C56: =ROUND(SUM(C55),5) -> 0.00287 | D56: =ROUND(SUM(D55),2) -> 3.58
A57: TOTAL - ENCARGOS SOCIAIS (R$) | C57: =ROUND(C26+C38+C44+C48+C52+C56,5) -> 0.76733 | D57: =ROUND(D26+D38+D44+D48+D52+D56,2) -> 956.09
A59: VALOR TOTAL DE REMUNERAÇÃO + ENCARGOS SOCIAIS (R$) | D59: =D14+D57 -> 2202.09
A61: SEÇÃO III - INSUMOS | E61: FUNDAMENTO/METODOLOGIA | F61: INFORMAÇÕES COMPLEMENTARES
A62: Insumos | C62: Referencia | D62: Valor (R$)
A63: Auxilio Alimentação | C63: 15 | D63: =ROUND(C63*22,2) -> 330 | E63: Vale refeição: O valor do vale refeição foi calculado de acordo com a convenção coletiva de trabalho firmada entre os sindicatos das categorias profissionais e econômicas envolvidas na prestação dos serviços ora licitados. Vale refeição = valor diário x 22 Onde: O valor diário é R$ 15,00, conforme Cláusula Sétima da CCT.
A64: Desconto do Auxilio Alimentação | C64: 0.1 | D64: =ROUND(D63*C64,2)*-1 -> -33 | E64: Dedução legal do vale refeição: O valor da dedução do vale refeição está de acordo com o Parágrafo Primeiro, da Cláusula Sétima da CCT (desconto máximo de 10% do Vale Refeição).
A65: Cesta Básica | C65: 100 | D65: =C65 -> 100 | E65: Cláusula Oitava da CCT
A66: Vale Transporte | C66: 3.8 | D66: =ROUND(C66*2*22,2) -> 167.2 | E66: O vale transporte foi baseado no preço da passagem praticada na cidade de Manaus-AM (R$ 3,80), em julho de 2022, considerando o trajeto de ida e volta residência/Coren-AM. Vale transporte = VTx2x22 Onde: O 22 é o número médio de dias efetivamente trabalhado pelos empregados no mês.
A67: Desconto do Vale Transporte | C67: 0.06 | D67: =IF(D12*C67>D66,"-",ROUND(D12*C67,2)*-1) -> -74.76 | E67: Dedução legal do vale transporte: O valor da dedução do vale transporte está de acordo com o art. 4º, parágrafo único da Lei 7.418, de 16 de dezembro de 1985 e Parágrafo Primeiro, da Cláusula Nona da CCT (desconto máximo de 6% do salário-base).
A68: Plano Odontológico | C68: 15 | D68: =C68 -> 15 | E68: Cláusula Décima da CCT.
A69: Assistência Social e Familiar | C69: 10 | D69: =C69 -> 10 | E69: Cláusula Décima Segunda da CCT.
A70: Programa de Qualificação Profissional | C70: 10 | D70: =C70 -> 10 | E70: Cláusula Décima Oitava da CCT.
A71: Uniforme | C71: - | D71: =Uniforme!H9 -> 29.441667 | E71: Planilha de Uniforme
A72: Equipamento(s) de Proteção Individual - EPIs | C72: - | D72: =EPIs!J6 -> 13.333333 | E72: Planilha de EPIs
A73: Material de Limpeza | C73: - | D73: ='Material '!O28 -> 510.36 | E73: Planilha de Material
A74: TOTAL - INSUMOS (R$) | D74: =ROUND(SUM(D63:D73),2) -> 1077.58
A76: TOTAL DE REMUNERAÇÃO + ENCARGOS SOCIAIS + INSUMOS (R$) | D76: =ROUND(D59+D74,2) -> 3279.67
A78: SEÇÃO IV - LDI E TRIBUTAÇÃO | E78: FUNDAMENTO/METODOLOGIA | F78: INFORMAÇÕES COMPLEMENTARES
A79: LUCRO E DESPESAS INDIRETAS (LDI) | C79: % | D79: Valor (R$)
A80: Despesas Administrativas/Operacionais | C80: 0.05 | D80: =ROUND(D76*C80,2) -> 163.98 | E80: Lucro e Despesas Indiretas – LDI: Para fins de estimativa da CONTRATANTE, em Lucro e Despesas Indiretas - LDI, foram consideradas as despesas administrativas e operacionais (5%) e a margem de lucro (10%). | F80: Obs.: Eventuais custos não previstos expressamente na memória de cálculo devem ser cobertos pelo LDI (Lucro e Despesas Indiretas).
A81: Lucro | C81: 0.1 | D81: =ROUND(D76*C81,2) -> 327.97
A82: TOTAL - LUCRO E DESPESAS INDIRETAS | C82: =ROUND(SUM(C80:C81),5) -> 0.15 | D82: =SUM(D80:D81) -> 491.95
A84: TOTAL DE REMUNERAÇÃO + ENCARGOS SOCIAIS + INSUMOS + INTRAJORNADA + LDI (R$) | D84: =ROUND(D76+D82,2) -> 3771.62
A86: BASE DE CÁLCULO PARA TRIBUTO | C86: =ROUND(1-(SUM(C89:C91)/1),5) -> 0.9135 | D86: =ROUND(D84/C86,2) -> 4128.76
A88: TRIBUTAÇÃO SOBRE FATURAMENTO | C88: % | D88: Valor (R$) | E88: FUNDAMENTO/METODOLOGIA | F88: INFORMAÇÕES COMPLEMENTARES
A89: ISS | C89: 0.05 | D89: =ROUND($D$86*C89,2) -> 206.44 | E89: Os tributos (ISS, COFINS e PIS) foram definidos utilizando o regime de tributação de Lucro PRESUMIDO. | F89: A licitante deve elaborar sua proposta e, por conseguinte, sua planilha com base no regime de tributação ao qual estará submetida durante a execução do contrato.
A90: COFINS | C90: 0.03 | D90: =ROUND($D$86*C90,2) -> 123.86
A91: PIS | C91: 0.0065 | D91: =ROUND($D$86*C91,2) -> 26.84
A92: TOTAL - TRIBUTAÇÃO SOBRE FATURAMENTO | C92: =ROUND(SUM(C89:C91),5) -> 0.0865 | D92: =ROUND(SUM(D89:D91),2) -> 357.14
A94: PREÇO MENSAL PARA 1 (UM) EMPREGADO (R$) | D94: =ROUND(D84+D92,2) -> 4128.76
A95: PREÇO ANUAL PARA 1 (UM) POSTO (R$) - PREÇO MENSAL X 12 MESES | D95: =ROUND(D94*12,2) -> 49545.12
A96: PREÇO DA DIARIA PARA 1 (UM) POSTO (R$) - PREÇO MENSAL ÷ 30 DIAS | D96: =ROUND(D94/30,2) -> 137.63
A98: Item | D98: %
A99: TOTAL - GRUPO A - ENCARGOS | D99: =C26 -> 0.398
A100: TOTAL - GRUPO B | D100: =C38 -> 0.23483
A101: TOTAL - GRUPO C | D101: =C44 -> 0.03784
A102: TOTAL - GRUPO D | D102: =C48 -> 0.09346
A103: TOTAL - GRUPO E | D103: =C52 -> 0.00033
A104: TOTAL - GRUPO F | D104: =C56 -> 0.00287
A105: TOTAL ENCARGOS SOCIAIS | D105: =ROUND(SUM(D99:D104),5) -> 0.76733
A107: Componentes | C107: R$ | D107: %
A108: I - COMPOSIÇÃO DE REMUNERAÇÃO | C108: =D14 -> 1246 | D108: =ROUND(C108/$C$112,5) -> 0.30179
A109: II - ENCARGOS SOCIAIS INCIDENTES SOBRE A REMUNERAÇÃO | C109: =D57 -> 956.09 | D109: =ROUND(C109/$C$112,5) -> 0.23157
A110: III - INSUMOS | C110: =D74 -> 1077.58 | D110: =ROUND(C110/$C$112,5) -> 0.26099
A111: IV - LDI E TRIBUTAÇÃO | C111: =ROUND(D82+D92,2) -> 849.09 | D111: =ROUND(C111/$C$112,5) -> 0.20565
A112: TOTAL | C112: =ROUND(SUM(C108:C111),2) -> 4128.76 | D112: =ROUND(SUM(D108:D111),5) -> 1

Sheet Uniforme
A1: Agente de Limpeza 44hrs Semanais - UNIFORME
A2: Item | B2: Descrição | D2: Unidade de Medida | E2: Qtde. Anual (a) | F2: Valor Médio Unitário (R$) (b) | H2: Custo Total (R$) (c = a x b)
A3: 1 | B3: Camisa | D3: Und. | E3: 4 | F3: 20 | H3: =F3*E3 -> 80
A4: =A3+1 -> 2 | B4: Calça | D4: Und. | E4: 2 | F4: 45 | H4: =F4*E4 -> 90
A5: =A4+1 -> 3 | B5: Meias | D5: Par | E5: 5 | F5: 3 | H5: =F5*E5 -> 15
A6: =A5+1 -> 4 | B6: Sapato | D6: Par | E6: 2 | F6: 81.5 | H6: =F6*E6 -> 163
A7: =A6+1 -> 5 | B7: Crachá | D7: Und. | E7: 1 | F7: 5.3 | H7: =F7*E7 -> 5.3
A8: Custo Global (R$) (∑ do Custo Total) → | H8: =SUM(H3:I7) -> 353.3
A9: Custo Mensal (R$) (Custo Global ÷ 12 meses) → | H9: =H8/12 -> 29.441667
A10: Fonte: Contrato Coren/AM nº 024/2020

Sheet EPIs
A1: Equipamento(s) de Proteção Individual - EPIs
A2: Item | B2: Descrição | F2: Unidade de Medida | G2: Quant. Anual (a) | H2: Valor Médio Unitário (R$) (b) | J2: Custo Total (R$) (c = a x b)
A3: 1 | B3: Máscara respiratória descartável p/vapores orgânicos | F3: Uni. | G3: 12 | H3: 10 | J3: =H3*G3 -> 120
A4: 2 | B4: Protetor facial incolor | F4: Uni. | G4: 2 | H4: 20 | J4: =H4*G4 -> 40
A5: Custo Global do Grupo (R$) (∑ do Custo Total) → | J5: =SUM(J3:K4) -> 160
A6: Custo Mensal de EPI's (R$) (Custo Global ÷ 12 meses) → | J6: =J5/12 -> 13.333333
A7: Fonte: Contrato Coren/AM nº 024/2020

Sheet Material 
A1: Materiais de Limpeza
A2: Item | B2: Especificação | L2: Unidade de Medida | M2: Quantidade Anual (a) | N2: Valor Unitário (R$) (b) | O2: Total Anual (R$) (c = a x b)
A3: 1 | B3: Água sanitária de 1ª qualidade. | L3: Litros | M3: 12 | N3: 4.03 | O3: =ROUND(M3*N3,2) -> 48.36
A4: =A3+1 -> 2 | B4: Álcool etílico hidratado 70º liquido de 1ª qualidade utilizado para superfícies fixas, composto por desnaturante e água. | L4: Litros | M4: 12 | N4: 7.09 | O4: =ROUND(M4*N4,2) -> 85.08
A5: =A4+1 -> 3 | B5: Balde | L5: Und. | M5: 2 | N5: 14.99 | O5: =ROUND(M5*N5,2) -> 29.98
A6: =A5+1 -> 4 | B6: Desinfetante bactericida concentrado, altamente efetivo contra bactérias. Possui alto poder de ação, limpeza e desinfecção. Diluição de 1:25 até 1:100 partes de água. | L6: Litros | M6: 6 | N6: 61.95 | O6: =ROUND(M6*N6,2) -> 371.7
A7: =A6+1 -> 5 | B7: Desodorizador de ambiente Spray, fragância lavanda, 360 ml | L7: Und. | M7: 24 | N7: 7.43 | O7: =ROUND(M7*N7,2) -> 178.32
A8: =A7+1 -> 6 | B8: Escova de limpar vaso sanitário | L8: Und. | M8: 2 | N8: 7.03 | O8: =ROUND(M8*N8,2) -> 14.06
A9: =A8+1 -> 7 | B9: Esponja com dupla face multiuso | L9: Und. | M9: 24 | N9: 1.8 | O9: =ROUND(M9*N9,2) -> 43.2
A10: =A9+1 -> 8 | B10: Flanela branca tamanho 40x60 cm | L10: Und. | M10: 24 | N10: 6.22 | O10: =ROUND(M10*N10,2) -> 149.28
A11: =A10+1 -> 9 | B11: Inseticida Spray 360 ml | L11: Und. | M11: 24 | N11: 9.65 | O11: =ROUND(M11*N11,2) -> 231.6
A12: =A11+1 -> 10 | B12: Limpador concentrado multiuso, biodegradável, indicado para limpeza de superfícies, com diluição de até 1:20 partes de água. | L12: Litros | M12: 6 | N12: 36.28 | O12: =ROUND(M12*N12,2) -> 217.68
A13: =A12+1 -> 11 | B13: Limpador de vidros de 1ª qualidade (janelas e esquadrias) | L13: Litros | M13: 3 | N13: 12.22 | O13: =ROUND(M13*N13,2) -> 36.66
A14: =A13+1 -> 12 | B14: Lustra Móveis lavanda 200 ml | L14: Und. | M14: 12 | N14: 3.02 | O14: =ROUND(M14*N14,2) -> 36.24
A15: =A14+1 -> 13 | B15: Luva de 1ª qualidade indicada para limpeza em geral, forrada, anti-derrapante e resistente. | L15: Par | M15: 12 | N15: 16.79 | O15: =ROUND(M15*N15,2) -> 201.48
... A26: =A25+1 -> 24 | B26: Vassoura de pelo sintético com 40cm de largura, com cabo | L26: Und. | M26: 2 | N26: 12.87 | O26: =ROUND(M26*N26,2) -> 25.74
A27: Total Geral Anual (∑ da Coluna) → | O27: =ROUND(SUM(O3:O26),2) -> 6124.34
A28: Total Geral Mensal (Total Geral Anual ÷ 12 meses) → | O28: =ROUND(O27/12,2) -> 510.36
A29: Fonte: Valores extraído do Banco de Preços.
